 Dungeon Crawl Stone Soup version 0.29.1-1-gd02db6906a (webtiles) character file.

Game seed: 11651694543680795269

18 DoomGuy the Shooter (level 2, -2/22 HPs)
             Began as a Human Hunter on Oct 18, 2022.
             Was an Initiate of Vehumet.
             Slain by Grinder (6 damage)
             ... on level 3 of the Dungeon.
             The game lasted 00:02:38 (578 turns).

DoomGuy the Shooter (Human Hunter)                   Turns: 578, Time: 00:02:39

Health: -2/22      AC:  3    Str: 11    XL:     2   Next: 85%
Magic:  2/2        EV: 12    Int:  9    God:    Vehumet [......]
Gold:   17         SH:  0    Dex: 16    Spells: 1/1 levels left

rFire   . . .      SeeInvis .   a - +0 shortbow
rCold   . . .      Faith    .   (shield currently unavailable)
rNeg    . . .      Spirit   .   c - +0 leather armour
rPois   .          Reflect  .   (no helmet)
rElec   .          Harm     .   (no cloak)
rCorr   .          Rampage  .   (no gloves)
Will    .....                   (no boots)
Stlth   ++........              (no amulet)
HPRegen 0.07/turn               (no ring)
MPRegen 0.08/turn               (no ring)

@: no status effects
A: no striking features
a: Renounce Religion


You were on level 3 of the Dungeon.
You worshipped Vehumet.
Vehumet was noncommittal.
You visited 1 branch of the dungeon, and saw 3 of its levels.

You collected 17 gold pieces.

Inventory:

Hand Weapons
 a - a +0 shortbow (weapon)
Armour
 c - a +0 leather armour (worn)
Scrolls
 b - a scroll of immolation
 d - a scroll of identify {unknown}
Potions
 e - a potion of curing
 f - a potion of haste {unknown}
 g - a potion of degeneration {unknown}


   Skills:
 * Level 2.1 Fighting
 * Level 4.4 Ranged Weapons
 * Level 0.1 Armour
 * Level 2.1 Dodging
 * Level 1.1 Stealth
 * Level 0.1 Unarmed Combat
 * Level 0.3 Spellcasting


You had one spell level left.
You didn't know any spells.
Your spell library contained the following spells:

 Spells                   Type           Power      Damage    Failure   Level
 Slow                     Hex            0%         N/A       47%         1
 Confusing Touch          Hex            0%         N/A       85%         3
 Portal Projectile        Hex/Tloc       0%         N/A       85%         3
 Tukima's Dance           Hex            0%         N/A       85%         3
 Vampiric Draining        Necr           0%         2d6       85%         3
 Blade Hands              Tmut           0%         N/A       100%        5


Dungeon Overview and Level Annotations

Branches:
Dungeon (3/15)

Altars:
Vehumet

Annotations:
D:3 Grinder


Message History

Grinder barely misses you.
Fire: a) +0 shortbow
Press: ? - help, Q - select action Shift-Dir - straight line, f/p - Grinder
Aim: Grinder (moderately wounded, 60% to hit)
You shoot an arrow. The arrow hits Grinder!
Grinder is heavily wounded.
Grinder barely misses you. Grinder misses you.
Fire: a) +0 shortbow
Press: ? - help, Q - select action Shift-Dir - straight line, f/p - Grinder
Aim: Grinder (heavily wounded, 60% to hit)
You shoot an arrow. The arrow barely misses Grinder.
Grinder hits you.
You writhe in agony.
Unknown command.
Fire: a) +0 shortbow
Press: ? - help, Q - select action Shift-Dir - straight line, f/p - Grinder
Aim: Grinder (heavily wounded, 60% to hit)
You shoot an arrow. The arrow barely misses Grinder.
Grinder closely misses you.
Unknown command.
Fire: a) +0 shortbow
Press: ? - help, Q - select action Shift-Dir - straight line, f/p - Grinder
Aim: Grinder (heavily wounded, 60% to hit)
You shoot an arrow. The arrow closely misses Grinder.
An adder comes into view.
Grinder hits you!
* * * LOW HITPOINT WARNING * * *
You writhe in agony.
* * * LOW HITPOINT WARNING * * *
Grinder gestures at you.
You struggle to resist.
The adder moves out of view.
You feel better. Grinder barely misses you.
Fire: a) +0 shortbow
Press: ? - help, Q - select action Shift-Dir - straight line, f/p - Grinder
Aim: Grinder (heavily wounded, 60% to hit)
You shoot an arrow. The arrow hits Grinder.
Grinder is severely wounded.
Grinder hits you!
* * * LOW HITPOINT WARNING * * *
You writhe in agony.
You die...

#.# #.# #.# #.# #.#
###.# ##.##
#...##### ###
#...###.#.....# #.#
..........###.###.#
#...#####.# #.....#
##.## #.###.....#
#.# #......5@.# #.#
#######.### #+# #.#
#.# #.# #.# #.# ..#


You could see Grinder.

Vanquished Creatures
  An adder (D:2)
  A dart slug (D:2)
  A goblin (D:1)
  A quokka (D:3)
  A ball python (D:1)
  A bat (D:1)
  2 kobolds (D:1)
  A rat (D:1)
9 creatures vanquished.

Notes
Turn   | Place    | Note
-------+----------+-------------------------------------------
     0 | D:1      | DoomGuy the Human Hunter began the quest for the Orb.
     0 | D:1      | Reached XP level 1. HP: 16/16 MP: 1/1
   156 | D:2      | Reached XP level 2. HP: 19/22 MP: 2/2
   458 | D:3      | Found a radiant altar of Vehumet.
   498 | D:3      | Became a worshipper of Vehumet
   564 | D:3      | Noticed Grinder
   578 | D:3      | Slain by Grinder

Illustrated notes

Levels and vault maps discovered:
D:1:      erik_arrival_cave_to_civilisation [erik_arrival_cave_to_hall],
          layout_basic, hellmonk_ecumenical_altar_inner_sanctum,
          chequers_serial_rivers_micro_e, palyth_stone_intersect,
          kennysheep_flooded_box
D:2:      layout_basic, grunt_decor_cap, fountainhead, uniq_natasha
D:3:      layout_loops_corners, mainiacjoe_overflow_concentric_impassable,
          trog_antimagical, minitemple, general_overflow_altar, minmay_cupped,
          uniq_grinder

Action                   || total
-------------------------++-------
Melee: Unarmed           ||     8
 Fire: Shortbow          ||    23
  Use: Potion            ||     2
Armor: Leather armour    ||     6
Dodge: Dodged            ||    13
